Map: Dreamcatcher LE

Players

LoveYunaSama - Winner!

  • Race: Terran Terran
  • League: Diamond
  • Spawn Location: 11:00

USAmerica

  • Race: Protoss Protoss
  • League: Diamond
  • Spawn Location: 5:00

VOD

Have the link to the VOD?

Description

Time

  • Played on: July 29, 2018, 11:54 p.m.
  • Length: 16:57
Show
View Real Time Build Order
Export as new Build Order

LoveYunaSama Terran - Winner!

Build Orders: MMM Bio 

Get SALT Encoding   

  12  0:06  SCV  
  13  0:18  SCV  
  13  0:20  Supply Depot  
  14  0:30  SCV  
  14  0:35  Refinery  
  15  0:42  SCV  
  16  0:45  Barracks  
  16  0:54  SCV  
  17  1:06  SCV  
  18  1:18  SCV  
  19  1:31  SCV  
  20  1:35  Marine  
  21  1:48  Command Center  
  21  1:53  Orbital Command  
  21  1:57  Barracks Reactor  
  21  2:06  Supply Depot  
  21  2:16  Barracks  
  21  2:19  SCV  
  22  2:30  Barracks  
  22  2:32  SCV  
  23  2:37  Marine x2  
  25  2:44  SCV  
  25  2:49  Engineering Bay  
  26  3:00  Orbital Command  
  26  3:04  Barracks Tech Lab  
  26  3:07  Refinery  
  26  3:08  Marine x2  
  28  3:18  Barracks Tech Lab  
  28  3:19  SCV  
  29  3:23  Terran Infantry Weapons Level 1  
  29  3:27  Missile Turret  
  29  3:30  SCV  
  29  3:33  Missile Turret  
  30  3:38  Concussive Shells  
  30  3:42  Stimpack  
  32  3:48  Marauder  
  32  3:52  Marauder, Marine  
  32  3:54  Marine  
  36  3:57  SCV  
  36  4:00  SCV  
  38  4:03  Supply Depot  
  38  4:09  SCV  
  39  4:12  SCV, Marauder  
  39  4:15  Marauder  
  44  4:19  Marine x2  
  44  4:22  Combat Shields  
  46  4:27  Supply Depot  
  46  4:31  SCV x2  
  48  4:41  Marauder x2  
  48  4:42  Marine x2  
  54  4:48  SCV  
  54  4:49  SCV, Supply Depot  
  56  5:09  SCV x2, Command Center  
  56  5:17  Terran Infantry Armor Level 1  
  56  5:23  Factory  
  56  5:25  Barracks  
  56  5:26  SCV x2, Barracks  
  58  5:33  Marauder x2  
  62  5:36  Marine x2  
  62  5:42  Supply Depot  
  64  5:43  SCV x2  
  66  5:55  SCV x2  
  68  5:57  Ghost Academy  
  68  6:01  Refinery  
  68  6:03  Refinery  
  68  6:05  Marine  
  68  6:06  Marauder x2, Marine  
  68  6:07  SCV x2  
  68  6:11  Factory Reactor  
  76  6:14  Starport  
  76  6:17  Barracks Reactor, Barracks Tech Lab  
  76  6:19  SCV  
  76  6:20  SCV  
  78  6:31  SCV  
  78  6:32  SCV  
  80  6:36  Supply Depot  
  80  6:38  Orbital Command  
  80  6:49  Engineering Bay  
  80  6:50  Marauder x3, Armory, Marine  
  87  6:55  Personal Cloaking  
  87  7:03  Medivac x2  
  91  7:16  Supply Depot  
  91  7:18  Supply Depot, Marine x4  
  91  7:19  Supply Depot  
  91  7:20  Marauder  
  91  7:21  Orbital Command  
  91  7:22  Marauder  
  99  7:25  Marauder  
  101  7:42  Terran Ship Weapons Level 1, Barracks  
  101  7:43  Barracks  
  101  7:46  Barracks  
  101  7:49  Terran Infantry Armor Level 2, Terran Infantry Weapons Level 2  
  101  8:01  SCV  
  101  8:03  SCV  
  103  8:09  SCV  
  104  8:13  SCV  
  104  8:15  SCV, Refinery  
  104  8:16  Refinery  
  106  8:21  SCV, Medivac x2  
  106  8:23  Supply Depot  
  106  8:26  SCV, Supply Depot  
  112  8:27  SCV  
  112  8:28  Supply Depot  
  112  8:29  Barracks Tech Lab  
  112  8:32  Barracks Tech Lab x2  
  112  8:33  SCV  
  112  8:34  Marine x2  
  114  8:35  Marine  
  114  8:36  Marine  
  114  8:38  SCV  
  114  8:40  SCV  
  120  8:44  Ghost  
  120  8:45  SCV  
  120  8:46  Ghost  
  125  8:49  Ghost  
  125  8:50  SCV  
  125  8:52  SCV  
  129  8:57  SCV  
  129  9:02  Supply Depot, Ghost  
  130  9:03  Supply Depot x2  
  130  9:04  SCV  
  130  9:05  Ghost  
  130  9:09  SCV  
  136  9:14  Ghost, Marine x2  
  136  9:15  Marine x2  
  142  9:21  SCV  
  143  9:24  Supply Depot  
  143  9:26  Supply Depot  
  143  9:27  Supply Depot  
  143  9:31  Medivac x2  
  147  9:33  Missile Turret  
  147  9:34  SCV, Missile Turret  
  148  9:40  Terran Ship Weapons Level 2  
  148  9:41  Missile Turret  
  148  9:45  Marine x3  
  148  9:46  Marine  
  148  9:51  Marauder x3  
  158  9:54  Ghost  
  160  10:01  Medivac x2  
  160  10:03  Command Center  
  160  10:05  Ghost  
  160  10:06  Marine x3  
  169  10:17  Missile Turret  
  169  10:18  Missile Turret  
  169  10:19  Missile Turret  
  169  10:25  Command Center  
  169  10:27  Missile Turret  
  169  10:38  Terran Infantry Armor Level 3, Terran Infantry Weapons Level 3  
  169  10:44  Command Center  
  168  10:53  Marine x4  
  168  10:55  Ghost x2  
  168  10:56  Marauder x3  
  182  11:11  Ghost  
  183  11:21  Command Center  
  183  11:36  Marine  
  183  11:37  Marauder, Marine x2  
  183  11:38  Marauder x2, Ghost  
  183  11:39  Refinery  
  194  11:46  Sensor Tower  
  194  11:47  Refinery  
  194  11:48  Missile Turret  
  194  11:52  Planetary Fortress  
  194  12:03  Orbital Command x2  
  194  12:14  Viking x2  
  198  12:16  Terran Ship Weapons Level 3  
  198  12:19  Starport  
  198  12:25  Factory Reactor  
  165  12:39  Marauder, Ghost, Marine  
  165  12:41  Marine  
  165  12:42  Marauder x2  
  165  12:43  Marine  
  165  12:44  Marauder x2  
  148  12:47  Marine  
  133  12:52  Orbital Command  
  133  12:56  Viking  
  131  13:00  Viking  
  131  13:01  Marauder  
  135  13:14  Sensor Tower  
  135  13:16  Marine x3  
  135  13:17  Marine  
  135  13:18  Viking  
  135  13:19  Viking, Ghost x2  
  143  13:25  Ghost x2  
  151  13:28  Ghost  
  151  13:32  Ghost  
  155  13:37  Viking x2  
  159  13:50  Engineering Bay x2  
  159  13:51  Hi-Sec Auto Tracking, Building Armor  
  159  13:52  Viking x2  
  159  13:53  Marine x3  
  159  13:54  Marine  
  167  14:06  Marauder x3, Ghost x2  
  167  14:07  Viking  
  177  14:29  Ghost x3, Marine  
  177  14:30  Marauder, Marine  
  187  14:41  Orbital Command x2  
  181  14:57  Refinery  
  181  15:05  Marine x4  
  181  15:06  Marauder x3, Ghost x3  
  197  15:18  Command Center  
  197  15:21  Command Center  
  197  15:24  Command Center  
  197  15:27  Ghost  
  191  15:51  Marine x3  
  191  15:52  Marauder x2, Marine  
  191  15:54  Viking x4, Marine x2  
  191  15:55  Marauder  
  191  15:56  Marauder  
  165  16:09  Marine x4  
  167  16:13  Marauder x3, Marine  
  174  16:20  Marine x2  
  182  16:34  Marauder  
Show
View Real Time Build Order
Export as new Build Order

USAmerica Protoss 

Build Orders: 1 Gate Expand, Blink Stalkers 

Get SALT Encoding   

  12  0:01  Probe  
  13  0:13  Probe  
  14  0:17  Pylon  
  14  0:25  Probe  
  15  0:34  Probe  
  15  0:37  Gateway  
  16  0:43  Probe  
  17  0:51  Assimilator, Probe  
  18  1:03  Probe  
  19  1:16  Probe  
  20  1:29  Nexus  
  20  1:38  Cybernetics Core  
  20  1:41  Probe  
  20  1:44  Assimilator  
  21  1:53  Probe  
  22  1:56  Pylon  
  22  2:04  Stalker  
  24  2:16  Warp Gate  
  24  2:21  Probe  
  25  2:33  Probe  
  25  2:34  Stalker  
  28  2:43  Twilight Council  
  28  2:44  Probe  
  29  2:45  Probe  
  30  2:56  Probe  
  30  2:57  Probe  
  32  3:04  Stalker  
  34  3:08  Probe  
  34  3:10  Probe  
  34  3:11  Blink  
  36  3:18  Gateway  
  36  3:20  Probe  
  36  3:22  Probe  
  36  3:23  Gateway  
  38  3:39  Probe  
  38  3:40  Probe  
  40  3:47  Pylon  
  40  3:52  Probe  
  40  3:54  Probe  
  42  4:04  Probe  
  42  4:08  Probe  
  44  4:16  Probe  
  45  4:19  Robotics Facility  
  45  4:21  Pylon  
  45  4:23  Stalker x3, Assimilator  
  49  4:42  Probe  
  50  4:45  Probe  
  50  4:46  Shield Battery  
  50  4:50  Stalker x2  
  55  4:54  Stalker  
  55  4:58  Nexus  
  57  5:05  Pylon  
  57  5:09  Probe  
  58  5:16  Stalker x2  
  62  5:24  Probe  
  63  5:29  Pylon  
  63  5:31  Observer  
  63  5:33  Charge  
  64  5:36  Probe  
  64  5:37  Probe  
  66  5:48  Gateway  
  66  5:49  Probe x2  
  68  5:50  Gateway  
  68  5:52  Observer  
  69  6:01  Probe x2  
  71  6:07  Pylon  
  71  6:12  Gateway  
  71  6:13  Probe x2  
  71  6:16  Gateway  
  73  6:20  Pylon, Gateway  
  73  6:21  Immortal  
  73  6:23  Gateway  
  73  6:24  Pylon  
  73  6:25  Assimilator, Probe  
  78  6:44  Probe x2  
  78  6:45  Probe  
  78  6:46  Forge  
  81  6:47  Forge  
  81  6:50  Sentry x2  
  85  7:00  Protoss Ground Armor Level 1, Protoss Ground Weapons Level 1  
  85  7:03  Probe  
  85  7:05  Assimilator  
  86  7:08  Assimilator  
  86  7:17  Probe  
  86  7:19  Pylon  
  86  7:20  Immortal  
  91  7:24  Zealot x3  
  91  7:25  Zealot x5  
  91  7:26  Zealot  
  109  7:37  Pylon  
  109  7:43  Pylon  
  109  7:47  Zealot x3  
  109  7:48  Stalker x2  
  109  7:49  Zealot x2  
  109  7:50  Zealot  
  125  7:55  Probe  
  125  7:56  Probe  
  127  8:01  Observer  
  127  8:05  Templar Archives  
  127  8:13  Probe x2  
  129  8:21  Pylon  
  129  8:24  Pylon  
  129  8:29  Probe  
  129  8:30  Psionic Storm, Probe x2  
  129  8:32  Protoss Ground Weapons Level 2  
  132  8:34  Protoss Ground Armor Level 2  
  132  8:48  Photon Cannon  
  132  8:49  Photon Cannon  
  132  8:51  Photon Cannon  
  132  8:55  Nexus  
  132  9:00  Pylon  
  132  9:03  High Templar  
  132  9:04  High Templar x2  
  132  9:06  High Templar  
  132  9:07  Probe  
  132  9:08  Probe  
  142  9:13  Photon Cannon  
  142  9:19  Observer  
  142  9:38  Robotics Facility  
  142  9:41  Robotics Bay  
  142  9:52  Dark Shrine  
  142  9:53  Probe  
  142  9:55  Assimilator  
  142  9:57  Probe  
  144  10:00  Assimilator  
  144  10:06  Pylon  
  144  10:13  Pylon  
  143  10:19  High Templar  
  143  10:20  Pylon  
  145  10:22  Observer  
  145  10:28  Zealot x3, Pylon  
  146  10:29  Colossus, Zealot x2  
  146  10:32  Colossus  
  162  10:48  Photon Cannon, Probe  
  169  10:56  Protoss Ground Weapons Level 3  
  169  11:01  Pylon, Extended Thermal Lance  
  159  11:13  Colossus  
  159  11:17  Colossus  
  171  11:37  Observer  
  171  11:48  Stargate  
  171  12:06  Colossus  
  171  12:07  Zealot  
  171  12:08  Zealot x5  
  185  12:09  Zealot  
  185  12:10  Colossus, Zealot  
  153  12:50  Zealot x3  
  153  12:51  Zealot x4  
  161  12:52  Zealot x2  
  165  13:03  Stargate  
  165  13:06  Fleet Beacon  
  165  13:12  Gateway  
  165  13:14  Gateway  
  165  13:15  Stalker x4  
  165  13:16  Stalker, Zealot  
  165  13:17  Zealot  
  165  13:18  Dark Templar x2  
  183  13:20  Gateway  
  183  13:22  Gateway  
  181  13:53  Protoss Shields Level 1  
  181  13:54  Protoss Ground Armor Level 3  
  179  13:57  Tempest  
  179  13:58  Tempest  
  179  14:02  Warp Prism  
  193  14:03  Nexus  
  193  14:04  Pylon  
  193  14:07  Pylon  
  178  14:48  Zealot x4  
  178  14:49  Zealot x2  
  178  14:50  Stalker x3  
  176  14:59  Assimilator  
  176  15:04  Assimilator  
  176  15:08  Zealot x4  
  176  15:09  Zealot x4  
  176  15:10  Zealot x2  
  194  15:29  High Templar x2  
  194  15:30  High Templar  
  194  15:35  Shield Battery  
  200  15:36  Shield Battery  
  200  15:38  Photon Cannon  
  200  15:41  Photon Cannon  
  200  15:42  Photon Cannon  
  200  15:49  Zealot x2  
  184  15:50  Zealot x4  
  184  15:51  Zealot x4  
  69  16:12  High Templar x4  
  69  16:14  Zealot x3  
  69  16:15  Zealot x3  
  69  16:18  High Templar  
  91  16:26  Zealot  
  93  16:37  Zealot x3  
  99  16:41  High Templar  
Tags
 
Add a new tag
Caveats
  • Supply blocks, unpowered buildings, or Contaminate may cause inaccurate times.
  • Supply counts are checked every 10 seconds.